 Dungeon Crawl Stone Soup version 0.28.0-53-g5a82cb258f (webtiles) character file.

Game seed: 9681778210465928846

233 Descartes the Sneak (level 5, -1/22 HPs)
             Began as a Felid Wanderer on July 29, 2022.
             Slain by a black bear (12 damage)
             ... on level 4 of the Dungeon.
             The game lasted 00:08:12 (5722 turns).

Descartes the Sneak (Felid Wanderer)                Turns: 5722, Time: 00:08:14

Health: -1/22      AC:  1    Str:  8    XL:     5   Next: 75%
Magic:  4/9        EV: 18    Int: 15    God:
Gold:   84         SH:  0    Dex: 16    Spells: 6/8 levels left
                                        Lives:  0   Deaths: 1

rFire   + . .      SeeInvis +     - Unarmed
rCold   . . .      Faith    .   (shield unavailable)
rNeg    . . .      Spirit   .   (armour unavailable)
rPois   .          Reflect  .   (helmet unavailable)
rElec   .          Harm     .   (cloak unavailable)
rCorr   .          Rampage  .   (gloves unavailable)
Will    .....                   (boots unavailable)
Stlth   +++.......              (no amulet)
HPRegen 0.07/turn               j - ring of protection from fire
MPRegen 0.11/turn               (no ring)

@: quick
A: very small, claws 1, fangs 3, see invisible, speed 1, shaggy fur 1, stealthy
paws, no weapons or thrown items, no armour, multi-lived
a: no special abilities


You were on level 4 of the Dungeon.
You visited 1 branch of the dungeon, and saw 4 of its levels.

You collected 84 gold pieces.

Inventory:

Jewellery
 j - a ring of protection from fire (left paw)
Scrolls
 c - a scroll of summoning {unknown}
 e - a scroll of magic mapping {unknown}
 f - a scroll of teleportation {unknown}
 g - 5 scrolls of identify {unknown}
 h - a scroll of brand weapon {unknown}
 i - a scroll of enchant weapon {unknown}
 k - a scroll of enchant armour {unknown}
 l - 2 scrolls of fog {unknown}
Potions
 b - 3 potions of mutation {unknown}
 d - a potion of magic {unknown}
Miscellaneous
 a - a piece from Xom's chessboard (15/15) (quivered)


   Skills:
 - Level 1.0 Fighting
 + Level 3.6 Dodging
 + Level 4.0 Stealth
 + Level 2.6 Unarmed Combat
 - Level 2.0 Spellcasting
 + Level 1.6 Conjurations
 - Level 3.0 Necromancy
 + Level 2.6 Air Magic
 - Level 2.1 Evocations


You had 6 spell levels left.
You knew the following spells:

 Your Spells              Type           Power      Damage    Failure   Level
a - Shock                 Conj/Air       32%        1d5       9%          1
b - Pain                  Necr           40%        1d6       6%          1

Your spell library contained the following spells:

 Spells                   Type           Power      Damage    Failure   Level
 Sublimation of Blood     Necr           10%        N/A       10%         2
 Swiftness                Air            9%         N/A       22%         3
 Dispel Undead            Necr           10%        3d9       54%         4
 Airstrike                Air            4%         N/A       58%         4


Dungeon Overview and Level Annotations

Branches:
Dungeon (4/15)
 Temple: D:4-7

Altars:
Elyvilon
Makhleb
Zin


Innate Abilities, Weirdness & Mutations

You have sharp claws.
You have razor-sharp teeth.
You have supernaturally acute eyesight. (SInv)
You cover ground quickly. (Speed+)
You are covered in fur. (AC +1)
Your paws help you pounce on unaware monsters.
You are incapable of wielding weapons or throwing items.
You cannot wear armour.
You gain extra lives every three experience levels.


Message History

Aiming: Shock (safe; 9% risk of failure)
Press: ? - help, Shift-Dir - straight line, f/p - black bear
Aim: a black bear (lightly wounded, 77% to hit)
The zap hits the black bear.
The black bear is moderately wounded.
The zap misses the black bear.
Casting: Shock (safe; 9% risk of failure)
Confirm with . or Enter, or press ? or * to list all spells.
Aiming: Shock (safe; 9% risk of failure)
Press: ? - help, Shift-Dir - straight line, f/p - black bear
Aim: a black bear (moderately wounded, 77% to hit)
The zap hits the black bear but does no damage.
The black bear is moderately wounded.
The zap hits the black bear.
The black bear is heavily wounded.
The black bear bites you. The black bear misses you.
The black bear barely misses you.
Casting: Shock (safe; 9% risk of failure)
Confirm with . or Enter, or press ? or * to list all spells.
Aiming: Pain (safe; 6% risk of failure)
Press: ? - help, Shift-Dir - straight line, f/p - black bear
Aim: a black bear (heavily wounded, chance to affect: 63%)
The black bear resists with significant effort.
The black bear bites you. The black bear closely misses you.
The black bear barely misses you.
Casting: Pain (safe; 6% risk of failure)
Confirm with . or Enter, or press ? or * to list all spells.
Aiming: Pain (safe; 6% risk of failure)
Press: ? - help, Shift-Dir - straight line, f/p - black bear
Aim: a black bear (heavily wounded, chance to affect: 63%)
The black bear writhes in agony.
The black bear goes berserk!
Casting: Pain (safe; 6% risk of failure)
Confirm with . or Enter, or press ? or * to list all spells.
Aiming: Pain (safe; 6% risk of failure)
Press: ? - help, Shift-Dir - straight line, f/p - black bear
Aim: a black bear (severely wounded, berserk, chance to affect: 63%)
The black bear resists with significant effort.
The black bear bites you!
Ouch! That really hurt!
You die...

######## #.......
#.###.## #.##...#
####### #.......
#.....# ##......#
#.###.####......##
#h# #.(.........##
#@###.####........
#.....# ##...#'##
###.### ####...#
#.### ##..... #.#.##
##...>..
#####....####.......
#...........'.......
#.###....####.......
#.# ###.## ##.##....


You could see a black bear (berserk).

Vanquished Creatures
  A necrophage (D:4)
  A hound (D:3)
  An iguana (D:4)
  A howler monkey skeleton (D:4)
  5 adders
  2 gnolls (D:2)
  An adder skeleton (D:4)
  2 dart slugs (D:2)
  An orc (D:4)
  6 endoplasms
  6 giant cockroaches
  3 goblins
  4 hobgoblins
  3 jackals
  7 kobolds
  A quokka (D:4)
  4 ball pythons
  A bat (D:3)
  3 frilled lizards
  3 rats
56 creatures vanquished.

Notes
Turn   | Place    | Note
-------+----------+-------------------------------------------
     0 | D:1      | Descartes the Felid Wanderer began the quest for the Orb.
     0 | D:1      | Descartes set off with the following items: a piece from
                  | Xom's chessboard (15/15); and the following spells
                  | available to memorise: Pain, Sublimation of Blood, Shock,
                  | Swiftness, Dispel Undead
     0 | D:1      | Reached XP level 1. HP: 9/9 MP: 4/4
   372 | D:1      | Reached skill level 1 in Dodging
   372 | D:1      | Reached skill level 1 in Stealth
   401 | D:1      | Found a faded altar of an unknown god.
   564 | D:1      | Reached XP level 2. HP: 9/12 MP: 6/6
  1475 | D:2      | Reached skill level 1 in Unarmed Combat
  1543 | D:2      | Reached skill level 2 in Stealth
  1543 | D:2      | Reached XP level 3. HP: 10/15 MP: 7/7
  2120 | D:2      | Found a burning altar of Makhleb.
  2135 | D:2      | Learned a level 1 spell: Shock
  2512 | D:2      | Reached XP level 4. HP: 19/19 MP: 8/8
  3047 | D:3      | Noticed a black bear
  3092 | D:3      | Slain by a black bear
  3093 | D:3      | Reached XP level 3. HP: 0/15 MP: 4/7
  3205 | D:3      | Reached skill level 3 in Stealth
  3320 | D:3      | Reached XP level 4. HP: 19/19 MP: 6/8
  3696 | D:4      | Found a glowing silver altar of Zin.
  3709 | D:4      | Reached skill level 1 in Conjurations
  3711 | D:4      | Learned a level 1 spell: Pain
  4324 | D:4      | Noticed a necrophage
  4347 | D:4      | Killed a necrophage
  4348 | D:4      | Reached XP level 5. HP: 11/22 MP: 0/9
  4589 | D:4      | Noticed an ogre
  5233 | D:4      | Identified the +9 long sword of Turmoil {freeze, rPois
                  | Int+3}
  5419 | D:4      | Reached skill level 4 in Stealth
  5525 | D:4      | Found a white marble altar of Elyvilon.
  5698 | D:4      | Noticed a black bear
  5722 | D:4      | Slain by a black bear

Illustrated notes

Levels and vault maps discovered:
D:1:      psy_arrival_basics, layout_basic,
          hellmonk_ecumenical_altar_crossroads, chequers_serial_rivers_micro_e
D:2:      layout_loops_ring, basic_altar
D:3:      layout_basic
D:4:      minmay_skewed_foursquare, layout_loops_corners, marbit_many_paths,
          mainiacjoe_overflow_small_starburst, minivault_5

Skill      XL: |  1  2  3  4  5 |
---------------+----------------+-----
Dodging        | 1 2 3 |  3.6
Stealth        | 1 2 3 4 |  4.0
Unarmed Combat | 1 2 |  2.6
Air Magic      | 2 |  2.6
Conjurations   | 1 |  1.6
Fighting       | |  1.0
Spellcasting   | |  2.0
Necromancy     | |  3.0
Evocations     | |  2.1

Action                   |  1- 3 |  4- 6 || total
-------------------------+-------+-------++-------
Melee: Unarmed           |   103 |    56 ||   159
       Bite              |    14 |     8 ||    22
       Punch             |     2 |       ||     2
 Cast: Shock             |     7 |    48 ||    55
       Pain              |       |    10 ||    10
 Stab: Sleeping          |     9 |     4 ||    13
Armor: Skin              |     3 |     3 ||     6
Dodge: Dodged            |    64 |    64 ||   128
